 Dungeon Crawl Stone Soup version 0.27-a0-32-g443bf2d2ca (webtiles) character file.

Game seed: 12134313760481696208

13656 DocSulfur the Covert (level 12, -4/59 HPs)
             Began as a Kobold Enchanter on Jan 4, 2021.
             Slain by a manticore (20 damage)
             ... on level 11 of the Dungeon.
             The game lasted 01:11:21 (14112 turns).

DocSulfur the Covert (Kobold Enchanter)            Turns: 14112, Time: 01:11:22

Health: -4/59      AC:  4    Str:  6    XL:     12   Next: 35%
Magic:  21/28      EV: 24    Int: 19    God:
Gold:   639        SH:  0    Dex: 20    Spells: 7/21 levels left

rFire    . . .     SeeInvis .   S - +2 dagger (elec)
rCold    . . .     Faith    .   (shield restricted)
rNeg     + + .     Spirit   .   V - +1 robe of the Vaults {*Slow rElec rN+ Int+3}
rPois    +         Reflect  .   x - +1 hat
rElec    +         Harm     .   g - scarf {+Inv}
rCorr    .         Rampage  .   (no gloves)
Will     .....                  (no boots)
Stlth    ++++++....             (no amulet)
HPRegen  0.19/turn              J - +4 ring of evasion
MPRegen  0.21/turn              T - ring "Ziupooxu" {rPois rN+ MP+9}

@: barbed spikes
A: small, nightstalker 3
a: Evoke Invisibility


You were on level 11 of the Dungeon.
You visited 2 branches of the dungeon, and saw 12 of its levels.

You collected 639 gold pieces.

Inventory:

Hand Weapons
 a - a +1 dagger
 L - the +8 autumn katana {vorpal, Clar}
   (You found it on level 10 of the Dungeon)

   It inflicts extra damage upon your enemies.
   It protects you against confusion.
 O - a +1 short sword of holy wrath
 S - a +2 dagger of electrocution (weapon)
Missiles
 j - a throwing net (quivered)
 v - 17 poisoned darts
Armour
 g - a scarf of invisibility (worn)
 o - a +2 robe of positive energy
 x - a +1 hat (worn)
 B - the +2 ring mail of the Moon Troll {rF+ rN+ rCorr}
   (You took it off an orc on level 6 of the Dungeon)

   It protects you from fire.
   It protects you from negative energy.
   It provides partial protection from all sources of acid and corrosion.
 V - the +1 robe of the Vaults (worn) {*Slow rElec rN+ Int+3}
   (You found it on level 11 of the Dungeon)

   It affects your intelligence (+3).
   It insulates you from electricity.
   It protects you from negative energy.
   It may slow you when you take damage.
 W - a +2 robe of willpower
Jewellery
 c - an uncursed ring of positive energy
 A - a +4 ring of protection
 J - a +4 ring of evasion (left hand)
 Q - an uncursed ring of resist corrosion
 T - the ring "Ziupooxu" (right hand) {rPois rN+ MP+9}
   (You took it off an orc priest on level 11 of the Dungeon)

   [ring of magical power]

   It protects you from poison.
   It protects you from negative energy.
   It affects your magic capacity (+9).
Wands
 q - a wand of polymorph (8)
 r - a wand of disintegration (19)
 u - a wand of flame (12)
 y - a wand of random effects (6)
 G - a wand of digging (6)
 I - a wand of iceblast (6)
 K - a wand of enslavement (10)
 N - a wand of acid (9)
Scrolls
 b - 4 scrolls of teleportation
 e - 3 scrolls of enchant weapon
 h - a scroll of amnesia
 i - a scroll of immolation
 l - a scroll of enchant armour
 t - 2 scrolls of magic mapping
 D - 3 scrolls of fog
 E - a scroll of remove curse
 H - a scroll of silence {unknown}
 M - a scroll of identify
 P - a scroll of fear
 R - a scroll of vulnerability {unknown}
Potions
 d - 3 potions of heal wounds
 f - 4 potions of haste
 k - 7 potions of curing {unknown}
 m - a potion of flight {unknown}
 n - 4 potions of cancellation {unknown}
 p - 2 potions of resistance
 s - a potion of magic {unknown}
 w - a potion of invisibility {unknown}
 z - a potion of brilliance {unknown}
 C - 4 potions of lignification
 F - 2 potions of mutation {unknown}
 U - a potion of attraction {unknown}


   Skills:
 - Level 10.7 Short Blades
 + Level 6.4 Dodging
 - Level 12.2 Stealth
 - Level 5.0 Spellcasting
 + Level 6.3 Conjurations
 + Level 9.4 Hexes
 - Level 4.0 Ice Magic
 * Level 8.3 Evocations


You had 7 spell levels left.
You knew the following spells:

 Your Spells              Type           Power        Failure   Level
a - Corona                Hex            44%          1%          1
b - Ensorcelled Hibernat  Hex/Ice        60%          1%          2
c - Confusing Touch       Hex            40%          1%          3
d - Tukima's Dance        Hex            40%          1%          3
e - Dazzling Flash        Conj/Hex       68%          1%          3
f - Searing Ray           Conj           58%          1%          2

Your spell library contained the following spells:

 Spells                   Type           Power        Failure   Level
 Magic Dart               Conj           100%         1%          1
 Cause Fear               Hex            20%          2%          4
 Fulminant Prism          Conj/Hex       17%          4%          4
 Summon Guardian Golem    Hex/Summ       22%          5%          3
 Stone Arrow              Conj/Erth      32%          10%         3
 Sandblast                Erth           8%           12%         1
 Passwall                 Tmut/Erth      3%           19%         2
 Metabolic Englaciation   Hex/Ice        15%          22%         5
 Iskenderun's Mystic Bla  Conj/Tloc      16%          32%         4
 Gell's Gravitas          Tloc           2%           36%         3
 Invisibility             Hex            40%          36%         6
 Yara's Violent Unravell  Hex/Tmut       11%          45%         5
 Petrify                  Tmut/Erth      4%           77%         4
 Lee's Rapid Deconstruct  Erth           2%           98%         5


Dungeon Overview and Level Annotations

Branches:
Dungeon (11/15)            Temple (1/1) D:5            Lair (0/6) D:10
    Orc (0/2) D:10

Altars:
Ashenzari
Cheibriados
Elyvilon
Fedhas
Gozag
Kikubaaqudgha
Makhleb
Nemelex Xobeh
Okawaru
Qazlal
Ru
Sif Muna
Trog
Uskayaw
Vehumet
Wu Jian
Yredelemnul
The Shining One

Shops:
D:9 (


Innate Abilities, Weirdness & Mutations

You are small and have problems with some larger weapons.
You are completely attuned to the shadows.


Message History

Confirm with . or Enter, or press ? or * to list all spells.
The manticore is dazzled.
The manticore flicks its tail.
The volley of spikes hits you!
The barbed spikes become lodged in your body.
The barbs in your skin will harm you if you move.
Continue?
The barbed spikes dig painfully into your body as you move.
The manticore misses you. The manticore barely misses you.
The manticore completely misses you.
You hit the manticore but do no damage.
The manticore appears confused.
You hit the manticore but do no damage. You hit the manticore.
The manticore is lightly wounded.
The barbed spikes dig painfully into your body as you move.
The manticore is no longer blind.
The barbed spikes dig painfully into your body as you move.
The barbed spikes dig painfully into your body as you move.
* * * LOW HITPOINT WARNING * * *
The manticore bites you!!
You die...

...# #.....># ##.#
#.##.### #..#
#.####.##.# #..#
#......##.# #..#
#..######=#######..#
#..#### #[.........#
##..^...##.)......#.#
....###.##.)......#.#
......#.##..†...@.#.#
.####.#.##.)...H..#.#
. #...##........#.#
####......>..<.#.#
......#........#.#
####....########<#
#.#..# #.# ####....#
#.# ......#.# #.#


You could see a manticore (confused).

Vanquished Creatures
  A boulder beetle (D:11)
  4 two-headed ogres
  An unseen horror (D:10)
  A wolf spider zombie (D:7)
  A manticore (D:11)
  A gargoyle (D:10)
  2 hellwings (D:7)
  A troll (D:10)
  A hornet (D:11)
  Grinder (D:5)
  A meliai zombie (D:7)
  A wyvern (D:10)
  6 yaks (D:10)
  Grum (D:9)
  A water moccasin (D:11)
  Duvessa (D:4)
  4 orc warriors
  3 sky beasts
  An ice beast (D:9)
  2 black bears (D:8)
  2 phantoms
  2 ogres
  3 wolves (D:9)
  8 centaurs
  3 bullfrogs (D:6)
  Dowan (D:4)
  3 scorpions
  4 killer bees (D:10)
  4 wights (D:9)
  5 howler monkeys
  A crimson imp (D:8)
  2 centaur zombies (D:11)
  A bullfrog skeleton (D:4)
  3 bullfrog zombies
  2 gnoll shamans
  A jelly (D:6)
  5 centaur skeletons
  7 orc priests
  8 hounds
  Jessica (D:3)
  An iguana (D:9)
  14 orc wizards
  9 worker ants
  A killer bee zombie (D:10)
  2 hound zombies
  2 hound skeletons
  A worker ant zombie (D:9)
  15 gnolls
  14 adders
  A howler monkey skeleton (D:10)
  4 shadow imps (D:7)
  6 white imps
  An ooze (D:2)
  3 adder skeletons
  An adder zombie (D:6)
  A worm (D:2)
  A dart slug (D:2)
  7 leopard geckos
  55 orcs
  2 bats
  4 giant cockroaches
  7 goblins
  8 hobgoblins
  4 jackals (D:4)
  6 kobolds
  6 quokkas
  3 ball pythons
  8 frilled lizards
  A quokka skeleton (D:4)
  6 rats
295 creatures vanquished.

Vanquished Creatures (collateral kills)
  An ogre (D:10)
  An orc (D:11)
2 creatures vanquished.

Vanquished Creatures (others)
  2 dancing weapons (D:11)
  2 withered plants (D:7)
4 creatures vanquished.

Grand Total: 301 creatures vanquished

Notes
Turn   | Place    | Note
-------+----------+-------------------------------------------
     0 | D:1      | DocSulfur the Kobold Enchanter began the quest for the Orb.
     0 | D:1      | Reached XP level 1. HP: 10/10 MP: 3/3
   154 | D:1      | Reached XP level 2. HP: 12/15 MP: 1/5
   651 | D:2      | Learned a level 2 spell: Ensorcelled Hibernation
   695 | D:2      | Reached skill level 1 in Ice Magic
  1063 | D:2      | Reached skill level 1 in Conjurations
  1063 | D:2      | Reached XP level 3. HP: 7/19 MP: 2/6
  1434 | D:2      | Learned a level 3 spell: Confusing Touch
  1472 | D:2      | Reached XP level 4. HP: 23/24 MP: 8/8
  1991 | D:2      | Found a white marble altar of Elyvilon.
  2237 | D:3      | Reached XP level 5. HP: 23/28 MP: 4/9
  2459 | D:3      | Found a stormy altar of Qazlal.
  2615 | D:3      | Noticed Jessica
  2652 | D:3      | Killed Jessica
  2872 | D:3      | Found a blossoming altar of Fedhas.
  3347 | D:4      | Reached XP level 6. HP: 32/32 MP: 9/11
  3624 | D:4      | Noticed Duvessa
  3625 | D:4      | Noticed Dowan
  3638 | D:4      | Killed Duvessa
  3639 | D:4      | Reached skill level 5 in Stealth
  3639 | D:4      | Reached XP level 7. HP: 29/36 MP: 5/12
  4368 | D:4      | Found a basalt altar of Yredelemnul.
  4630 | D:4      | Killed Dowan
  4631 | D:4      | Reached skill level 5 in Hexes
  4813 | D:4      | Reached skill level 6 in Stealth
  4813 | D:4      | Reached XP level 8. HP: 29/41 MP: 8/14
  5293 | D:5      | Entered Level 5 of the Dungeon
  5295 | D:5      | Noticed Grinder
  5299 | D:5      | Killed Grinder
  5300 | D:5      | Reached skill level 5 in Short Blades
  5300 | D:5      | Reached skill level 5 in Spellcasting
  5304 | D:5      | Learned a level 3 spell: Tukima's Dance
  5308 | D:5      | Learned a level 3 spell: Dazzling Flash
  5892 | D:5      | Found a staircase to the Ecumenical Temple.
  5899 | Temple   | Entered the Ecumenical Temple
  6337 | D:5      | Reached skill level 7 in Stealth
  6352 | D:5      | Found a snail-covered altar of Cheibriados.
  6588 | D:5      | Found a white marble altar of Elyvilon.
  6665 | D:6      | Found a bloodstained altar of Trog.
  6682 | D:6      | Reached XP level 9. HP: 45/45 MP: 16/16
  7238 | D:6      | You fall into a shaft and drop 2 floors!
  7287 | D:8      | Reached skill level 8 in Stealth
  7534 | D:8      | Noticed a two-headed ogre
  7538 | D:8      | Killed a two-headed ogre
  7539 | D:8      | Reached skill level 9 in Stealth
  7790 | D:8      | Reached XP level 10. HP: 50/50 MP: 13/17
  8042 | D:6      | Found a hide-covered altar of Uskayaw.
  8227 | D:6      | Identified the +2 ring mail of the Moon Troll {rF+ rN+
                  | rCorr}
  9050 | D:7      | Reached skill level 10 in Stealth
  9392 | D:7      | Reached skill level 11 in Stealth
  9404 | D:7      | Reached skill level 10 in Short Blades
  9618 | D:7      | Reached skill level 12 in Stealth
  9618 | D:7      | Reached XP level 11. HP: 54/54 MP: 12/18
  9971 | D:7      | Found a sacrificial altar of Ru.
 10080 | D:7      | Learned a level 2 spell: Searing Ray
 10142 | D:8      | Found a broken altar of Ashenzari.
 10241 | D:8      | Reached skill level 1 in Evocations
 10549 | D:8      | Identified the Catalogue of Malediction
 11255 | D:9      | Noticed Grum
 11260 | D:9      | Killed Grum
 11444 | D:9      | Found Noduraomn's Weapon Shoppe.
 11800 | D:10     | Entered Level 10 of the Dungeon
 11945 | D:10     | Noticed a two-headed ogre
 11949 | D:10     | Killed a two-headed ogre
 11954 | D:10     | Noticed an unseen horror
 11979 | D:10     | Killed an unseen horror
 11980 | D:10     | Reached skill level 5 in Conjurations
 11980 | D:10     | Reached skill level 5 in Evocations
 12125 | D:10     | Found the +8 autumn katana {vorpal, Clar}
 12449 | D:10     | Reached skill level 5 in Dodging
 12884 | D:10     | Found a staircase to the Orcish Mines.
 12951 | D:10     | Found a staircase to the Lair.
 13454 | D:11     | Noticed a two-headed ogre
 13456 | D:11     | Noticed a manticore
 13486 | D:11     | Noticed a two-headed ogre
 13591 | D:11     | Identified the ring "Ziupooxu" {rPois rN+ MP+9}
 13662 | D:11     | Noticed a boulder beetle
 13666 | D:11     | Killed a boulder beetle
 13667 | D:11     | Reached XP level 12. HP: 43/59 MP: 16/19
 13737 | D:11     | Killed a two-headed ogre
 13807 | D:11     | Got a heavy robe
 13817 | D:11     | Identified the +1 robe of the Vaults {*Slow rElec rN+
                  | Int+3} (You found it on level 11 of the Dungeon)
 14089 | D:11     | Killed a two-headed ogre
 14112 | D:11     | Slain by a manticore

Illustrated notes

Levels and vault maps discovered:
D:1:      grunt_arrival_lava_bath, layout_rooms
D:2:      layout_basic, nicolae_overflow_hidden_temple
D:3:      layout_basic, nicolae_qazlal_eye_of_the_storm, fedhas_altar_2,
          uniq_jessica
D:4:      layout_basic, nicolae_overflow_crystal_walls, uniq_duvessa
D:5:      layout_basic, cheibriados_altar_1, minmay_temple_entry_mist,
          lemuel_tele_altar, uniq_grinder
D:6:      layout_loops_cross, general_overflow_altar, old_standard_altar,
          corner_web_ring, minmay_quadrilaterals
D:7:      cheibrodos_grave_circle, layout_basic, old_standard_altar
D:8:      layout_basic, ashenzari_altar_1, minmay_fire_ice_demons
D:9:      layout_roguey, serial_shops, shop_statue, uniq_grum
D:10:     layout_basic, lair_entry_dummy, hiddenorc1_lemuel
D:11:     layout_rooms, minmay_orc_keep
Temple:   compressed_dpeg_triangle_lava_temple

Skill      XL: |  1  2  3  4  5  6  7  8  9 10 11 12 |
---------------+-------------------------------------+-----
Ice Magic      | 1 2 3 4 |  4.0
Conjurations   | 1 2 3 4 5 6 |  6.3
Spellcasting   | 3 4 5 |  5.0
Hexes          | 4 5 7 8 9 |  9.4
Short Blades   | 3 4 5 7 10 | 10.7
Stealth        | 5 6 7 9 12 | 12.2
Evocations     | 7 8 |  8.3
Dodging        | 5 6 |  6.4

Action                   |  1- 3 |  4- 6 |  7- 9 | 10-12 || total
-------------------------+-------+-------+-------+-------++-------
Melee: Dagger            |    53 |   105 |   196 |   407 ||   761
       Rapier            |       |       |    42 |       ||    42
 Cast: Corona            |    12 |     4 |     1 |     7 ||    24
       Ensorcelled Hiber |    11 |    18 |    22 |    25 ||    76
       Confusing Touch   |       |     9 |    29 |    59 ||    97
       Dazzling Flash    |       |       |     9 |    14 ||    23
       Tukima's Dance    |       |       |     1 |     9 ||    10
       Searing Ray       |       |       |       |     2 ||     2
Evoke: Wand              |       |       |       |     5 ||     5
  Use: Scroll            |       |     7 |     9 |     5 ||    21
 Stab: Sleeping          |    13 |    33 |    38 |    70 ||   154
       Confused          |       |     7 |    24 |    61 ||    92
       Invisible         |       |       |     7 |    16 ||    23
       Distracted        |       |       |       |     1 ||     1
Armor: Robe              |     2 |    11 |    33 |    31 ||    77
Dodge: Dodged            |    32 |    69 |   125 |   236 ||   462

Table legend: (Time is in decaauts)
 A = Elapsed time spent in this place.
 B = Non-inter-level travel time spent in this place.
 C = Inter-level travel time spent in this place.
 D = Time resting spent in this place.
 E = Time spent auto-exploring this place.
 F = Levels seen in this place.
 G = Mean time per level.
                   A        B        C        D        E       F      G
               +--------+--------+--------+--------+--------+-----+--------+
         Total |  13859 |  13400 |    459 |   1161 |   6991 |  12 | 1154.9 |
       Dungeon |  13482 |  13023 |    459 |   1161 |   6658 |  11 | 1225.6 |
        Temple |    376 |    376 |      0 |      0 |    333 |   1 |  376.0 |
               +--------+--------+--------+--------+--------+-----+--------+

Top non-repeatable levels by time:
     D:4: 2098 daAuts
    D:10: 1546 daAuts
     D:2: 1484 daAuts
     D:7: 1457 daAuts
     D:8: 1341 daAuts
     D:6: 1340 daAuts
     D:3: 1072 daAuts
     D:5: 1046 daAuts
     D:9: 824 daAuts
    D:11: 654 daAuts
     D:1: 615 daAuts
  Temple: 376 daAuts
